 Dungeon Crawl Stone Soup version 0.26-a0-317-ge2f3d4a7ca (webtiles) character file.

Game seed: 6745820485842460886

70 DerDa the Chopper (level 4, -4/40 HPs)
             Began as a Hill Orc Monk on July 16, 2020.
             Slain by an orc priest
             ... wielding a +0 morningstar
              (8 damage)
             ... on level 3 of the Dungeon.
             The game lasted 00:07:06 (3694 turns).

DerDa the Chopper (Hill Orc Monk)                   Turns: 3694, Time: 00:07:07

Health: -4/40      AC:  3    Str: 12 (14) XL:     4   Next: 21%
Magic:  4/4        EV:  9    Int: 16      God:
Gold:   85         SH:  7    Dex: 11 (13) Spells: 3/3 levels left

rFire    . . .     SeeInvis .   a - +0 hand axe
rCold    . . .     Faith    .   l - +0 kite shield
rNeg     . . .     Spirit   .   d - -1 leather armour (curse)
rPois    .         Reflect  .   (no helmet)
rElec    .         Harm     .   (no cloak)
rCorr    .                      (no gloves)
MR       .....                  q - +0 pair of boots
Stlth    +.........             e - amulet of the acrobat
HPRegen  0.13/turn              n - +6 ring of intelligence
MPRegen  0.09/turn              (no ring)

@: no status effects
A: no striking features
a: Convert to Beogh


You were on level 3 of the Dungeon.
You visited 1 branch of the dungeon, and saw 3 of its levels.

You collected 85 gold pieces.

Inventory:

Hand Weapons
 a - a +0 hand axe (weapon)
Missiles
 f - 73 stones
 s - 4 poisoned darts (quivered)
Armour
 b - a +0 robe
 d - a cursed -1 leather armour (worn)
 l - a +0 kite shield (worn)
 q - a +0 pair of boots (worn)
Jewellery
 e - an amulet of the acrobat (around neck)
 h - an uncursed amulet of faith
 n - a +6 ring of intelligence (left hand)
Scrolls
 c - a scroll of enchant armour {unknown}
 g - 2 scrolls of magic mapping {unknown}
 k - 4 scrolls of identify {unknown}
 m - 2 scrolls of blinking {unknown}
 o - a scroll of teleportation {unknown}
 p - a scroll of immolation {unknown}
Potions
 i - a potion of heal wounds {unknown}
 j - 3 potions of magic {unknown}
 r - a potion of mutation {unknown}


   Skills:
 * Level 4.2 Fighting
 * Level 4.9 Axes
 + Level 1.0 Armour
 + Level 3.0 Dodging
 - Level 1.5 Stealth
 + Level 1.0 Shields


You had 3 spell levels left.
You didn't know any spells.
Your spell library contained the following spells:

 Spells                   Type           Power        Failure   Level
 Animate Skeleton         Necr           #.....       89%         1
 Apportation              Tloc           #.....       89%         1
 Corona                   Hex            #......      89%         1
 Summon Small Mammal      Summ           #...         89%         1


Dungeon Overview and Level Annotations

Branches:
Dungeon (3/15)

Altars:
Gozag


Message History

The orc priest is lightly wounded.
You hit the orc but do no damage. x2; You block the orc's attack.
The orc hits you with a +0 flail!
The orc priest hits you with a +0 morningstar.
* * * LOW HITPOINT WARNING * * *
You hit the orc priest but do no damage.
The orc priest shouts, "Beogh is our master!
Accept the truth or die!"
The orc priest is lightly wounded.
You closely miss the orc. x2; The orc barely misses you. x2
The orc priest shouts, "Surrender to Beogh and we'll let you live!"
You hit the orc priest but do no damage.
The orc priest is lightly wounded.
You hit the orc but do no damage. x2; You block the orc priest's attack.
The orc hits you but does no damage. The orc hits you with a +0 flail.
* * * LOW HITPOINT WARNING * * *
You hit the orc priest but do no damage.
The orc priest is lightly wounded.
You closely miss the orc. You hit the orc but do no damage.
The orc priest hits you with a +0 morningstar!
You die...

... .. #.. ..
.#### .... .#.#..
#..........
...#.##.###
........
######.##o#######
#........@olo....
#.####.##o#######
#.# #.##.# #.#
#.##.# #.# #.##<#
#.####.####
#......###
#........#
#........#


You could see an orc priest, 3 orcs and a frilled lizard.

Vanquished Creatures
  3 adders (D:2)
  A worm (D:3)
  An orc (D:3)
  A giant cockroach (D:1)
  5 goblins
  6 hobgoblins
  2 jackals (D:2)
  A ball python (D:1)
  6 bats
  4 frilled lizards
  5 kobolds
  8 rats
  4 bushes (D:2)
  3 plants (D:2)
50 creatures vanquished.

Notes
Turn   | Place    | Note
-------+----------+-------------------------------------------
     0 | D:1      | DerDa the Hill Orc Monk began the quest for the Orb.
     0 | D:1      | Reached XP level 1. HP: 19/19 MP: 1/1
   332 | D:1      | Reached XP level 2. HP: 22/27 MP: 2/2
  1138 | D:2      | Reached XP level 3. HP: 29/33 MP: 3/3
  1203 | D:2      | Found an opulent altar of Gozag.
  2611 | D:2      | Reached XP level 4. HP: 10/40 MP: 4/4
  3567 | D:3      | Reached skill level 1 in Armour
  3686 | D:3      | Reached skill level 1 in Shields
  3694 | D:3      | Slain by an orc priest

Illustrated notes

Levels and vault maps discovered:
D:1:      dpeg_arrival_snail, layout_basic
D:2:      layout_loops_ring, lemuel_crystal_altar, serial_forest,
          infiniplex_forest_corner_1, infiniplex_forest_clump_curved,
          infiniplex_forest_clump_medium, infiniplex_forest_end_3,
          roderic_lattice_a, hex_large
D:3:      layout_basic, chequers_ecumenical_altar_simple, minmay_circle_x

Skill      XL: |  1  2  3  4 |
---------------+-------------+-----
Fighting       | 4 |  4.2
Armour         | 1 |  1.0
Dodging        | 3 |  3.0
Shields        | 1 |  1.0
Axes           | |  4.9
Stealth        | |  1.5

Action                   |  1- 3 |  4- 6 || total
-------------------------+-------+-------++-------
Melee: Hand axe          |   437 |   695 ||  1132
  Use: Potion            |     3 |       ||     3
 Stab: Sleeping          |     1 |       ||     1
Armor: Leather armour    |    22 |     3 ||    25
Dodge: Dodged            |    97 |    10 ||   107
Block: Kite shield       |    46 |     9 ||    55

Table legend:
 A = Non-vault XP
 B = Vault XP
 C = Vault XP percentage of total XP
 D = Non-vault monster count
 E = Vault monster count
 F = Vault count percentage of total count
                 A         B        C        D         E       F
            +---------+---------+-------+---------+---------+-------
      Total |     100 |       0 |   0.0 |      43 |       0 |   0.0
            +---------+---------+-------+---------+---------+-------
        D:1 |      26 |       0 |   0.0 |      19 |       0 |   0.0
        D:2 |      64 |       0 |   0.0 |      20 |       0 |   0.0
        D:3 |      10 |       0 |   0.0 |       4 |       0 |   0.0
            +---------+---------+-------+---------+---------+-------
